 Dungeon Crawl Stone Soup version 0.31-a0-219-g8d62b2e7bb (webtiles) character file.

Game seed: 16089289886007330877

515 mobinator the Cudgeller (level 7, -1/61 HPs)
             Began as a Minotaur Berserker on July 3, 2023.
             Was a Believer of Trog.
             Slain by an orc
             ... wielding a +0 dagger
              (2 damage)
             ... on level 5 of the Dungeon.
             The game lasted 00:10:44 (3324 turns).

mobinator the Cudgeller (Minotaur Berserker)        Turns: 3324, Time: 00:10:45

Health: -1/61      AC:  9    Str: 27    XL:     7   Next: 0%
Magic:  6/6        EV: 10    Int:  1    God:    Trog [**....]
Gold:   221        SH:  0    Dex:  9    Spells: 6/6 levels left

rFire   . . .        a - +0 mace
rCold   + . .        (no shield)
rNeg    . . .        v - +0 chain mail
rPois   .            (helmet restricted)
rElec   .            (no cloak)
rCorr   .            (no gloves)
SInv    .            (no boots)
Will    .....        n - amulet of regeneration Stlth
                     c - ring of protection from cold
HPRegen 1.10/turn    (no ring)
MPRegen 0.10/turn

%: no passive effects
@: mighty
A: horns 2, retaliatory headbutt, dopey 1, strong 1
a: Renounce Religion, Berserk, Trog's Hand


You were on level 5 of the Dungeon.
You worshipped Trog.
Trog was pleased with you.
You visited 1 branch of the dungeon, and saw 5 of its levels.

You collected 221 gold pieces.

Inventory:

Hand Weapons
 a - a +0 mace (weapon)
 p - a +0 great mace
 s - a +0 flail
Armour
 b - a +0 animal skin
 l - a +0 ring mail
 t - a +0 scale mail
 v - a +0 chain mail (worn)
Jewellery
 c - a ring of protection from cold (left hand)
 n - an amulet of regeneration (around neck)
Wands
 h - a wand of iceblast (8)
Scrolls
 d - 2 scrolls of immolation {unknown}
 e - a scroll of torment {unknown}
 g - 4 scrolls of teleportation {unknown}
 j - 2 scrolls of identify {unknown}
 q - a scroll of noise {unknown}
Potions
 f - 2 potions of might
 i - a potion of enlightenment {unknown}
 k - 2 potions of attraction
 m - a potion of mutation
 o - 2 potions of brilliance
 r - 2 potions of curing
 u - 2 potions of heal wounds {unknown}
 w - a potion of degeneration {unknown}
 x - a potion of ambrosia {unknown}


   Skills:
 + Level 5.5 Fighting
 * Level 6.3 Maces & Flails
 + Level 4.8 Armour
 + Level 4.2 Dodging


You had 6 spell levels left.
You didn't know any spells.
Your spell library was empty.

Dungeon Overview and Level Annotations

Branches:
Dungeon (5/15)             Temple (0/1) D:4

Altars:
Dithmenos
Fedhas
Qazlal
Ru
Uskayaw
Vehumet
Xom
Yredelemnul


Innate Abilities, Weirdness & Mutations

You have a pair of horns on your head.
You reflexively headbutt those who attack you in melee.
You are dopey. (Int -2)
Your muscles are strong. (Str +4, Int/Dex -1)


Message History

You furiously retaliate!
You headbutt the hound!
You kill the hound!
Trog accepts your kill. The adder bites you but does no damage.
You hit the adder. Your headbutt misses the adder.
The adder is moderately wounded.
The adder bites you.
You hit the adder.
The adder is almost dead.
The adder closely misses you. You furiously retaliate!
You headbutt the adder.
You kill the adder!
Trog accepts your kill.
You have reached level 7!
A two-headed ogre comes into view.
It is wielding a +0 dire flail and a +0 giant spiked club.
The two-headed ogre shouts in stereo!
You hear a shout!
An orc comes into view. It is wielding a +0 dagger.
It was a potion of might.
You feel very mighty all of a sudden.
An orc priest comes into view. It is wielding a +0 whip.
An orc comes into view. It is wielding a +0 flail.
The orc priest shouts!
The orc shouts!
An orc comes into view. It is wielding a +0 war axe of flaming.
You barely miss the two-headed ogre. You headbutt the two-headed ogre!
The two-headed ogre is lightly wounded.
The orc priest invokes the aid of Beogh against you.
Beogh smites you!
The two-headed ogre hits you with a +0 dire flail!!
The two-headed ogre hits you with a +0 giant spiked club!!
* * * LOW HITPOINT WARNING * * *
It was a potion of curing.
You feel better. The orc hits you but does no damage.
It was a potion of mutation.
You feel extremely strange.
You feel stupid.
You feel stronger. The two-headed ogre closely misses you.
You furiously retaliate!
You headbutt the two-headed ogre!
The two-headed ogre hits you with a +0 giant spiked club!
* * * LOW HITPOINT WARNING * * *
The orc priest casts a cantrip, but nothing happens.
The orc hits you with a +0 dagger.
You die...

#. #.. #.### #..##
#...##.#..# .oo......# #...
.. # #.o....#.#
......#.##.####.....##.##
...............oO..........
..#.............@...........
... ........................
.. ...# ...................
.####.# ......##...........
......## #..................
##.#...##.#.......#.........
.####........#...#..........
......##....##...##.........
..[<#.# ..###...###......##


You could see a two-headed ogre, an orc priest and 3 orcs.

Vanquished Creatures
  Sigmund (D:5)
  An ogre (D:4)
  3 hounds
  An orc priest (D:3)
  A sleepcap (D:3)
  4 adders
  3 worms
  3 dart slugs
  14 orcs
  5 bats
  6 endoplasms
  A giant cockroach (D:2)
  5 goblins
  5 hobgoblins
  6 kobolds
  2 quokkas
  10 ball pythons
  9 rats
80 creatures vanquished.

Notes
Turn   | Place    | Note
-------+----------+-------------------------------------------
     0 | D:1      | mobinator the Minotaur Berserker began the quest for the
                  | Orb.
     0 | D:1      | Reached XP level 1. HP: 19/19 MP: 0/0
   268 | D:1      | Reached XP level 2. HP: 23/27 MP: 1/1
   701 | D:2      | Reached skill level 4 in Maces & Flails
   723 | D:2      | Reached XP level 3. HP: 23/33 MP: 2/2
   881 | D:2      | Found a shimmering altar of Xom.
  1449 | D:2      | Found a faded altar of an unknown god.
  1532 | D:3      | Reached XP level 4. HP: 22/41 MP: 3/3
  1578 | D:3      | Reached ** piety under Trog
  1723 | D:3      | Reached XP level 5. HP: 47/47 MP: 4/4
  2130 | D:3      | Found a radiant altar of Vehumet.
  2136 | D:3      | Found a hide-covered altar of Uskayaw.
  2141 | D:3      | Found a shadowy altar of Dithmenos.
  2429 | D:4      | Found a staircase to the Ecumenical Temple.
  2469 | D:4      | Reached skill level 5 in Maces & Flails
  2692 | D:4      | Noticed an ogre
  2702 | D:4      | Killed an ogre
  2703 | D:4      | Reached skill level 5 in Fighting
  2703 | D:4      | Reached XP level 6. HP: 23/56 MP: 5/5
  2890 | D:4      | Found a stormy altar of Qazlal.
  2896 | D:4      | Found a sacrificial altar of Ru.
  2897 | D:4      | Found a blossoming altar of Fedhas.
  2897 | D:4      | Found a basalt altar of Yredelemnul.
  3084 | D:5      | Entered Level 5 of the Dungeon
  3085 | D:5      | Noticed Sigmund
  3240 | D:5      | Killed Sigmund
  3241 | D:5      | Reached skill level 6 in Maces & Flails
  3306 | D:5      | Reached XP level 7. HP: 59/61 MP: 6/6
  3318 | D:5      | Noticed a two-headed ogre
  3322 | D:5      | HP: 1/61 [two-headed ogre/+0 dire flail (22)]
  3324 | D:5      | Gained mutation: You are dopey. (Int -2) [potion of
                  | mutation]
  3324 | D:5      | Gained mutation: Your muscles are strong. (Str +4, Int/Dex
                  | -1) [potion of mutation]
  3324 | D:5      | Slain by an orc

Illustrated notes

Levels and vault maps discovered:
D:1:      eino_arrival_druids_welcome, layout_loops_ring
D:2:      cheibrodos_old_hovel, layout_basic, basic_altar,
          shapermc_ecumenical_altar_mp_urbaneastern
D:3:      layout_basic, grunt_temple_overflow_diamond,
          kennysheep_generic_room_16
D:4:      layout_basic, minitemple, minmay_temple_entry_stoned_glass
D:5:      layout_cave_pools, nicolae_specific_store, uniq_sigmund

Skill      XL: |  1  2  3  4  5  6 |
---------------+-------------------+-----
Fighting       | 4 5 |  5.5
Maces & Flails | 4 5 6 |  6.3
Armour         | 3 4 |  4.8
Dodging        | 3 4 |  4.2

Action                     |  1- 3 |  4- 6 |  7- 9 || total
---------------------------+-------+-------+-------++-------
  Melee: Mace              |    87 |    87 |     1 ||   175
         Headbutt          |    14 |    16 |     1 ||    31
         Great mace        |     7 |    15 |       ||    22
         Punch             |     1 |       |       ||     1
  Evoke: Wand              |     1 |       |       ||     1
    Use: Potion            |       |     2 |     3 ||     5
 Armour: Animal skin       |     7 |       |       ||     7
         Ring mail         |    16 |    15 |       ||    31
         Scale mail        |       |    11 |       ||    11
         Chain mail        |       |    12 |     1 ||    13
  Dodge: Dodged            |    59 |    74 |     1 ||   134

Table legend: (Time is in decaauts)
 A = Elapsed time spent in this place.
 B = Non-inter-level travel time spent in this place.
 C = Inter-level travel time spent in this place.
 D = Time resting spent in this place.
 E = Time spent auto-exploring this place.
 F = Levels seen in this place.
 G = Mean time per level.
                   A        B        C        D        E       F      G
               +--------+--------+--------+--------+--------+-----+--------+
         Total |   3364 |   3287 |     77 |    335 |   1778 |   5 |  672.8 |
       Dungeon |   3364 |   3287 |     77 |    335 |   1778 |   5 |  672.8 |
               +--------+--------+--------+--------+--------+-----+--------+

Top non-repeatable levels by time:
     D:2: 892 daAuts
     D:4: 891 daAuts
     D:3: 830 daAuts
     D:1: 635 daAuts
     D:5: 116 daAuts
